Map: Lock & Load

Players

Yuriprime

  • Race: Zerg Zerg
  • Spawn Location: 7:00

LilArrin

  • Race: Terran Terran
  • Spawn Location: 6:00

VOD

Have the link to the VOD?

Description

Time

  • Played on: Jan. 13, 2018, 1:06 a.m.
  • Length: 11:06
Show
View Real Time Build Order
Export as new Build Order

Yuriprime Zerg 

Build Orders:  

Get SALT Encoding   

  12  0:03  Drone  
  13  0:18  Overlord  
  13  0:25  Drone  
  14  0:44  Drone x3  
  17  1:01  Roach Warren  
  16  1:37  Roach  
  16  1:38  Roach x2  
  22  1:44  Extractor  
  22  1:46  Overlord, Extractor  
  20  1:51  Drone  
  20  1:57  Drone  
  22  2:15  Drone  
  22  2:16  Drone x2  
  25  2:47  Roach  
  25  2:57  Roach  
  25  3:08  Lair  
  25  3:09  Overlord, Brutalisk, Drone x3  
  28  3:19  Brutalisk  
  28  3:57  Roach  
  28  4:19  Brutalisk  
  28  4:35  Drone x4  
  28  4:36  Spire  
  28  4:37  Overlord  
  28  4:38  Overlord x2  
  31  5:18  Mutalisk x3  
  37  5:23  Overlord  
  37  5:24  Mutalisk  
  39  5:55  Mutalisk  
  38  6:10  Roach  
  39  6:19  Mutalisk  
  41  6:23  Leviathan  
  41  6:47  Leviathan  
  41  7:23  Mutalisk  
  41  7:47  Roach  
  41  7:48  Mutalisk x3  
  41  7:49  Mutalisk x2  
  53  7:51  Leviathan  
  53  8:13  Mutalisk  
  53  8:47  Mutalisk  
  53  8:48  Mutalisk, Roach  
  53  8:49  Roach x5  
  67  9:10  Mutalisk  
Show
View Real Time Build Order
Export as new Build Order

LilArrin Terran 

Build Orders:  

Get SALT Encoding   

  12  0:03  SCV  
  13  0:20  SCV  
  14  0:37  SCV  
  15  0:47  Supply Depot  
  15  0:54  SCV  
  16  1:11  SCV  
  17  1:25  Command Center  
  17  1:31  SCV  
  18  1:48  SCV  
  18  1:49  Barracks  
  19  2:05  SCV  
  20  2:26  Orbital Command  
  20  2:47  Command Center  
  20  3:02  SCV  
  20  3:05  Orbital Command  
  21  3:13  Refinery  
  21  3:17  Marine  
  21  3:27  SCV  
  23  3:32  Refinery  
  23  3:36  Barracks  
  22  3:43  SCV  
  22  3:44  SCV  
  24  3:57  Barracks  
  24  3:59  Orbital Command  
  24  4:01  SCV  
  24  4:03  SCV  
  24  4:08  Combat Shields  
  26  4:15  Barracks Tech Lab  
  26  4:16  Barracks Reactor  
  26  4:18  SCV  
  27  4:28  Orbital Command  
  27  4:35  SCV x2  
  27  4:38  Barracks Reactor  
  29  4:41  Supply Depot  
  29  4:44  Engineering Bay  
  29  4:47  Marine  
  29  4:52  SCV  
  29  4:58  Marine  
  31  5:02  SCV  
  31  5:06  Marine  
  31  5:08  Medic, Marine  
  34  5:16  Marine, SCV  
  39  5:29  Supply Depot  
  39  5:31  Medic, Marine, SCV  
  39  5:37  Marine  
  39  5:39  Marine  
  44  5:43  SCV  
  44  5:48  Terran Infantry Weapons Level 1  
  44  5:49  Marine  
  46  5:50  Supply Depot  
  46  5:55  Medic  
  46  5:57  Marine x2  
  49  6:09  Marine x2  
  38  6:10  Medic, Marine  
  51  6:11  Marine  
  51  6:19  Marine x2  
  57  6:20  Marine  
  57  6:23  Marine x2  
  62  6:30  Medic  
  62  6:33  Marine x3  
  62  6:34  Marine  
  68  6:40  Marine  
  68  6:43  Marine x3  
  68  6:47  Marine  
  72  6:50  Marine  
  72  6:53  Marine x2  
  72  6:54  SCV  
  77  7:07  Stabilizer Medpacks  
  77  7:09  Medic, Marine, Supply Depot  
  77  7:12  SCV  
  77  7:16  Marine  
  82  7:20  Medic  
  82  7:24  SCV  
  82  7:27  Supply Depot  
  85  7:31  SCV  
  85  7:32  Marine  
  85  7:33  Medic, Marine x2, SCV  
  92  7:41  Marine  
  93  7:54  Marine  
  93  7:59  Supply Depot  
  49  8:00  Medic, Marine x3  
  93  8:04  Marine  
  93  8:09  SCV  
  100  8:10  Marine  
  100  8:12  Marine x3, Supply Depot  
  100  8:14  Marine  
  104  8:20  Marine  
  104  8:22  Medic, Marine x2  
  109  8:41  Medic, Marine x3, Supply Depot  
  109  8:42  Marine  
  109  8:44  SCV x3  
  111  8:52  Medic, Supply Depot, Marine x2  
  111  8:54  Marine x2  
  113  9:02  Marine x3  
  113  9:04  Marine  
  116  9:12  Marine  
  116  9:13  Medic  
  116  9:16  Marine x2  
  116  9:19  Marine  
  115  9:23  Medic  
  115  9:29  Marine x2  
  117  9:33  Medic  
  117  9:39  Marine x2  
  121  9:42  Marine  
  121  9:43  Marine  
  125  9:52  Marine  
  125  9:54  Marine x2, Supply Depot  
  125  9:55  Marine  
  125  9:56  Marine  
  129  10:03  Marine  
  129  10:04  Medic, Marine  
  129  10:06  Marine x2  
  124  10:13  Marine  
  124  10:14  Marine x2  
  124  10:16  Marine x2  
  121  10:23  Marine  
  121  10:24  Marine x2  
  121  10:26  Marine x2  
  122  10:33  Marine  
  122  10:35  Marine x2  
  122  10:36  Marine  
  122  10:37  Marine  
  127  10:43  Marine  
  127  10:45  Marine x2  
  127  10:46  Marine  
  127  10:49  Marine  
Tags
 
Commander
AbathurRaynor
Matchup
Co-op
Replay Pack
Co-op Speedrun
Add a new tag
Caveats
  • Supply blocks, unpowered buildings, or Contaminate may cause inaccurate times.
  • Supply counts are checked every 10 seconds.